Map: Deathaura LE

Players

vamisbawss

  • Race: Terran Terran
  • Spawn Location: 11:00

ViBE - Winner!

  • Race: Protoss Protoss
  • League: Bronze
  • Spawn Location: 5:00

VOD

https://www.youtube.com/watch?v=VjhJ7E-kFgw&list=PLFeZeom2b4DnD3FIu7pzkXl51JX_WWz2h&index=2

Description

Time

  • Played on: March 10, 2021, 8:36 p.m.
  • Length: 13:16
Show
View Real Time Build Order
Export as new Build Order

vamisbawss Terran 

Build Orders:  

Get SALT Encoding   

  12  0:01  SCV  
  13  0:19  Supply Depot  
  13  0:23  Refinery  
  13  0:40  SCV  
  14  0:45  Barracks  
  14  0:52  SCV  
  15  1:05  SCV  
  16  1:17  SCV  
  17  1:29  SCV  
  18  1:33  Engineering Bay  
  18  1:36  Barracks Tech Lab  
  18  1:41  SCV  
  19  1:53  SCV  
  20  1:55  Supply Depot  
  20  1:59  Supply Depot  
  20  2:05  SCV  
  21  2:10  Marauder  
  23  2:17  SCV  
  23  2:18  Supply Depot  
  24  2:29  SCV  
  25  2:31  Marauder  
  27  2:40  Missile Turret  
  27  2:53  Marauder  
  29  3:01  Missile Turret  
  29  3:03  Missile Turret  
  29  3:17  Marine  
  30  3:25  Terran Infantry Weapons Level 1, Missile Turret x2  
  30  3:30  Combat Shield  
  30  3:34  Marine  
  31  3:52  Marine, Command Center  
  32  3:56  SCV  
  33  4:04  Refinery  
  33  4:09  SCV  
  34  4:10  Marine  
  35  4:21  SCV  
  36  4:28  Marine  
  37  4:46  Marine  
  37  4:47  Supply Depot  
  37  4:51  Supply Depot x2  
  37  4:52  Supply Depot  
  38  4:53  Supply Depot  
  38  4:56  Orbital Command  
  38  5:10  Orbital Command  
  38  5:11  Supply Depot  
  38  5:18  Factory  
  38  5:23  Terran Infantry Armor Level 1  
  38  5:42  Barracks Reactor  
  38  5:59  SCV  
  39  6:04  Command Center  
  39  6:11  SCV  
  40  6:15  Supply Depot x3  
  40  6:18  Supply Depot  
  40  6:22  Supply Depot  
  40  6:23  SCV  
  41  6:33  SCV  
  41  6:35  SCV  
  43  6:42  Marine x2  
  43  6:45  SCV  
  46  6:47  SCV  
  47  6:57  SCV  
  47  6:59  SCV  
  47  7:00  Marine x2  
  51  7:11  SCV  
  52  7:18  Refinery, SCV  
  53  7:25  Siege Tank  
  56  7:30  SCV  
  56  7:31  Reaper x2  
  59  7:42  SCV  
  60  7:54  SCV  
  60  7:57  Siege Tank  
  64  8:02  Marine  
  64  8:03  Marine  
  66  8:06  SCV  
  67  8:20  Marine  
  67  8:21  Marine  
  69  8:29  Siege Tank  
  72  8:38  Marine  
  72  8:39  Marine  
  74  8:56  Marine x2  
  74  9:01  Siege Tank  
  57  10:07  Marine x2  
  59  10:23  Siege Tank  
  59  10:25  Marine x2  
  64  10:42  Marine  
  64  10:43  Marine  
  66  10:55  Siege Tank  
  69  11:00  Marine x2  
  71  11:07  SCV  
  72  11:17  Starport  
  72  11:18  Marine x2  
  72  11:19  SCV  
  72  11:22  Starport  
  75  11:31  SCV  
  79  11:33  Siege Tank  
  79  11:36  Marine x2  
  81  11:43  SCV  
  82  11:54  Marine  
  82  11:55  SCV  
  84  12:05  Siege Tank  
  86  12:37  Siege Tank  
Show
View Real Time Build Order
Export as new Build Order

ViBE Protoss - Winner!

Build Orders: 1 Gate Expand 

Get SALT Encoding   

  12  0:00  Probe  
  13  0:12  Probe  
  14  0:20  Pylon  
  14  0:24  Probe  
  15  0:38  Probe  
  15  0:42  Gateway  
  16  0:50  Probe  
  16  0:51  Assimilator  
  17  1:02  Probe  
  18  1:21  Nexus  
  18  1:25  Probe  
  19  1:33  Cybernetics Core  
  19  1:37  Probe  
  20  1:47  Pylon  
  20  1:55  Probe  
  21  2:04  Assimilator  
  21  2:07  Probe  
  22  2:13  Stalker  
  24  2:16  Warp Gate  
  24  2:19  Probe  
  25  2:32  Probe  
  25  2:36  Probe  
  27  2:44  Robotics Facility, Probe  
  27  2:45  Gateway  
  27  2:48  Probe  
  29  2:56  Probe  
  30  3:01  Probe  
  31  3:08  Stalker, Probe  
  34  3:24  Probe  
  34  3:25  Probe  
  36  3:33  Observer  
  37  3:35  Stalker  
  37  3:41  Probe x2  
  41  3:53  Probe x2 (Chrono Boost)  
  43  3:56  Stalker  
  43  4:02  Observer  
  46  4:05  Pylon  
  46  4:14  Nexus  
  46  4:15  Pylon  
  46  4:23  Stalker  
  48  4:27  Immortal  
  52  4:34  Pylon  
  52  4:38  Pylon  
  52  4:41  Stalker  
  52  4:45  Probe x2 (Chrono Boost)  
  56  4:55  Probe x2 (Chrono Boost)  
  56  4:59  Probe x2 (Chrono Boost)  
  60  5:09  Immortal  
  60  5:11  Probe x2  
  60  5:13  Assimilator x2  
  66  5:14  Stalker  
  66  5:15  Stalker  
  70  5:28  Probe x3  
  72  5:33  Pylon  
  73  5:38  Pylon  
  73  5:42  Probe x2  
  75  5:43  Probe  
  75  5:47  Stalker x2  
  75  5:49  Immortal  
  84  5:59  Probe  
  84  6:00  Probe x2  
  87  6:12  Probe x3  
  90  6:20  Stalker x2  
  94  6:28  Gateway x2  
  94  6:31  Gateway  
  94  6:33  Probe x3  
  94  6:36  Gateway  
  97  6:42  Immortal  
  97  6:45  Nexus, Stalker x2  
  105  6:48  Pylon  
  105  6:55  Probe x3  
  108  7:04  Assimilator  
  108  7:05  Assimilator  
  108  7:13  Stalker x2  
  108  7:15  Probe x3  
  115  7:27  Probe x2  
  115  7:28  Pylon  
  117  7:31  Pylon  
  117  7:32  Pylon  
  117  7:35  Pylon  
  117  7:39  Twilight Council  
  117  7:41  Forge  
  117  7:46  Probe  
  118  7:54  Probe x2  
  118  7:56  Immortal  
  118  7:58  Stalker, Probe  
  125  7:59  Stalker  
  125  8:00  Stalker  
  125  8:01  Stalker  
  125  8:02  Stalker  
  125  8:05  Stalker  
  137  8:13  Probe  
  137  8:14  Probe x2  
  137  8:19  Protoss Ground Weapons Level 1 (Chrono Boost)  
  140  8:26  Probe x2  
  142  8:27  Probe  
  142  8:28  Probe  
  143  8:44  Stalker  
  143  8:45  Stalker  
  143  8:46  Stalker  
  143  8:47  Stalker  
  143  8:48  Stalker x2  
  150  8:51  Probe x3, Immortal  
  150  8:52  Nexus, Probe  
  156  8:55  Pylon  
  156  8:58  Pylon  
  160  9:06  Probe x2  
  160  9:07  Probe x2  
  164  9:13  Assimilator  
  164  9:15  Assimilator  
  164  9:18  Probe x2  
  164  9:19  Probe  
  167  9:28  Pylon  
  167  9:31  Pylon  
  166  9:35  Pylon  
  158  9:39  Stalker  
  158  9:40  Stalker x2  
  158  9:41  Stalker  
  158  9:42  Stalker  
  158  9:43  Stalker  
  158  9:45  Immortal  
  156  9:53  Probe  
  157  10:05  Gateway  
  157  10:08  Gateway  
  157  10:13  Gateway  
  157  10:15  Gateway  
  157  10:26  Gateway  
  157  10:50  Gateway  
  157  10:52  Gateway  
  157  11:04  Gateway  
  157  11:05  Gateway  
  157  11:07  Gateway  
  157  11:08  Gateway  
  157  11:11  Robotics Facility  
  157  11:23  Gateway  
  157  11:25  Gateway  
  157  11:27  Gateway  
  157  11:30  Gateway  
  157  11:34  Stalker x2  
  157  11:35  Stalker x2  
  157  11:36  Stalker  
  157  11:37  Stalker x2  
  157  11:38  Stalker x2  
  157  11:39  Stalker x2  
  179  11:40  Immortal (Chrono Boost)  
  181  12:10  Stalker x2  
  181  12:11  Stalker  
  181  12:12  Stalker  
  181  12:13  Stalker  
  181  12:14  Stalker  
  181  12:15  Stalker  
  195  12:16  Stalker  
  195  12:18  Stalker  
  195  12:19  Nexus  
  195  12:20  Pylon  
  199  12:23  Pylon  
  197  12:47  Robotics Facility  
  197  12:57  Pylon, Stalker  
  194  12:58  Stalker  
  194  12:59  Stalker  
  194  13:00  Stalker  
  194  13:01  Stalker  
  194  13:02  Stalker  
  195  13:08  Stalker  
  195  13:09  Stalker  
Tags
 
League
Bronze
Matchup
PvT
Player
ViBE
Replay Pack
Bronze_League
Spawn Locations
Cross Positions
Add a new tag
Caveats
  • Supply blocks, unpowered buildings, or Contaminate may cause inaccurate times.
  • Supply counts are checked every 10 seconds.